 Dungeon Crawl Stone Soup version 0.29.1-12-g30fa7ad0bf (webtiles) character file.

Game seed: 10375523340701740942

1819 bubby the Magician (level 8, -4/45 HPs)
             Began as a Deep Elf Air Elementalist on Jan 12, 2023.
             Slain by an orc warrior
             ... wielding a +0 hand axe
              (14 damage)
             ... on level 7 of the Dungeon.
             The game lasted 00:29:36 (9664 turns).

bubby the Magician (Deep Elf Air Elementalist)      Turns: 9664, Time: 00:29:37

Health: -4/45      AC:  4    Str: 11    XL:     8   Next: 85%
Magic:  10/20      EV: 15    Int: 23    God:
Gold:   411        SH:  0    Dex: 15    Spells: 13/21 levels left

rFire   . . .      SeeInvis .   r - +4 falchion
rCold   . . .      Faith    .   (no shield)
rNeg    . . .      Spirit   .   a - +0 robe
rPois   .          Reflect  .   (no helmet)
rElec   .          Harm     .   i - +0 cloak
rCorr   .          Rampage  .   d - +0 pair of gloves
Will    .....                   (no boots)
Stlth   +++.......              (no amulet)
HPRegen 0.15/turn               z - +6 ring of strength
MPRegen 0.17/turn               (no ring)

@: hasted, very quick
A: no striking features
a: no special abilities


You were on level 7 of the Dungeon.
You visited 1 branch of the dungeon, and saw 7 of its levels.

You collected 411 gold pieces.

Inventory:

Hand Weapons
 r - a +4 falchion (weapon)
 s - a +2 sling of freezing
Missiles
 I - 2 boomerangs of dispersal
Armour
 a - a +0 robe (worn)
 d - a +0 pair of gloves (worn)
 i - a +0 cloak (worn)
Jewellery
 z - a +6 ring of strength (left hand)
Wands
 g - a wand of polymorph (7)
Scrolls
 h - 2 scrolls of teleportation
 j - 3 scrolls of blinking
 k - 3 scrolls of enchant armour
 o - a scroll of fear {unknown}
 p - 2 scrolls of immolation {unknown}
 t - 3 scrolls of noise {unknown}
 w - a scroll of torment
 y - a scroll of enchant weapon {unknown}
 A - a scroll of butterflies {unknown}
 E - a scroll of magic mapping {unknown}
Potions
 b - 4 potions of magic
 e - 4 potions of brilliance
 n - a potion of ambrosia
 q - a potion of attraction
 u - a potion of might
 x - a potion of degeneration
 B - a potion of haste
 C - a potion of lignification {unknown}
 D - a potion of flight {unknown}
 F - a potion of berserk rage {unknown}


   Skills:
 + Level 2.4 Fighting
 + Level 6.4 Dodging
 + Level 6.8 Stealth
 + Level 7.0 Spellcasting
 + Level 5.2 Conjurations
 + Level 5.7 Air Magic


You had 13 spell levels left.
You knew the following spells:

 Your Spells              Type           Power      Damage    Failure   Level
a - Shock                 Conj/Air       100%       1d9       1%          1
b - Swiftness             Air            34%        N/A       2%          3
c - Airstrike             Air            17%        2d(3-19)  7%          4

Your spell library contained the following spells:

 Spells                   Type           Power      Damage    Failure   Level
 Static Discharge         Conj/Air       33%        3-8/arc   1%          2
 Apportation              Tloc           16%        N/A       8%          1
 Gell's Gravitas          Tloc           8%         N/A       22%         3
 Inner Flame              Hex/Fire       8%         N/A       22%         3
 Lesser Beckoning         Tloc           8%         N/A       22%         3
 Teleport Other           Tloc           8%         N/A       22%         3
 Leda's Liquefaction      Hex/Erth       4%         N/A       58%         4
 Lee's Rapid Deconstruct  Erth           4%         3d6*      91%         5
 Dispersal                Tloc           4%         N/A       100%        6
 Statue Form              Tmut/Erth      5%         N/A       100%        6


Dungeon Overview and Level Annotations

Branches:
Dungeon (7/15)
 Temple: D:4-7

Altars:
Xom

Shops:
D:7 *


Message History

The orc warrior is lightly wounded.
An orc wizard comes into view. It is wielding a +0 dagger.
The zap hits the orc warrior.
The orc warrior is lightly wounded.
The zap hits the orc wizard!
The orc wizard is severely wounded.
The zap misses the orc wizard.
The zap hits the orc wizard!
You kill the orc wizard!
The zap misses the orc warrior.
The zap hits the orc warrior but does no damage.
The orc warrior is lightly wounded.
The orc warrior hits you with a +0 hand axe!
The orc wizard casts a spell.
The orc wizard flickers and vanishes!
Deactivating autopickup; reactivate with Ctrl-A.
The zap misses the orc warrior.
The orc warrior hits you with a +0 hand axe!
The zap hits the orc warrior but does no damage.
The orc warrior is lightly wounded.
You hit the orc warrior.
The orc warrior is moderately wounded.
The orc warrior closely misses you. Something completely misses you.
You hit the orc warrior.
The orc warrior is heavily wounded.
The orc warrior hits you with a +0 hand axe!
* * * LOW HITPOINT WARNING * * *
Something hits you but does no damage. The orc warrior misses you.
You hear some strange, mumbled words.
A magic dart appears from out of thin air!
The magic dart hits you.
* * * LOW HITPOINT WARNING * * *
You hit the orc warrior.
The orc warrior is heavily wounded.
The orc warrior barely misses you. Something hits you.
* * * LOW HITPOINT WARNING * * *
Unknown command.
It was a potion of haste.
You feel yourself speed up.
The orc warrior hits you with a +0 hand axe!
You die...

.............#
....(........###.....
.....................
..................... #.
...()............... ...
................... ....
#.#.#........##.## .....
....#...#....#..o#......
........#......∩@{......
.<.###.#####.#...#.##...
...# #.. #.##.## #
........ #...... ....##.
........ ..... ........#
...... .........#
....... .........#
........


You could see an orc warrior.

Vanquished Creatures
  A troll (D:6)
  4 water moccasins
  A sky beast (D:6)
  A centaur (D:6)
  A phantom (D:6)
  A kobold brigand (D:7)
  A scorpion (D:4)
  4 wights (D:6)
  A gnoll bouda (D:6)
  2 orc priests (D:4)
  A hound (D:5)
  3 jellies
  An iguana (D:6)
  3 orc wizards
  Terence (D:3)
  Robin (D:3)
  4 gnolls
  7 adders
  5 worms
  3 dart slugs
  12 orcs
  7 ball pythons
  6 endoplasms
  6 giant cockroaches
  14 goblins
  9 hobgoblins
  6 quokkas
  9 bats
  3 frilled lizards (D:1)
  11 kobolds
  9 rats
138 creatures vanquished.

Vanquished Creatures (others)
  A plant (D:1)
1 creature vanquished.

Grand Total: 139 creatures vanquished

Notes
Turn   | Place    | Note
-------+----------+-------------------------------------------
     0 | D:1      | bubby the Deep Elf Air Elementalist began the quest for the
                  | Orb.
     0 | D:1      | Reached XP level 1. HP: 10/10 MP: 6/6
   240 | D:1      | Reached XP level 2. HP: 15/15 MP: 4/8
   398 | D:1      | Found a faded altar of an unknown god.
   925 | D:1      | Reached XP level 3. HP: 19/19 MP: 7/9
  1266 | D:3      | Found a shimmering altar of Xom.
  1453 | D:3      | Learned a level 3 spell: Swiftness
  1512 | D:3      | Noticed Robin
  1840 | D:3      | Noticed Terence
  2177 | D:2      | Reached XP level 4. HP: 24/24 MP: 8/11
  2429 | D:2      | Learned a level 4 spell: Airstrike
  2660 | D:3      | Reached skill level 4 in Spellcasting
  2670 | D:3      | Killed Robin
  2781 | D:3      | Killed Terence
  2991 | D:3      | Reached XP level 5. HP: 28/28 MP: 7/13
  4278 | D:4      | Reached XP level 6. HP: 32/32 MP: 6/14
  4663 | D:4      | Noticed a water moccasin
  4679 | D:4      | Killed a water moccasin
  4680 | D:4      | Reached skill level 5 in Spellcasting
  5046 | D:5      | Entered Level 5 of the Dungeon
  5115 | D:5      | Reached XP level 7. HP: 34/36 MP: 12/16
  5116 | D:5      | Reached skill level 5 in Stealth
  6616 | D:6      | Reached skill level 5 in Dodging
  6900 | D:6      | Reached skill level 1 in Fighting
  6900 | D:6      | Reached skill level 6 in Spellcasting
  7267 | D:6      | Noticed a troll
  7286 | D:6      | Killed a troll
  7287 | D:6      | Reached skill level 5 in Air Magic
  7287 | D:6      | Reached XP level 8. HP: 16/43 MP: 9/19
  7517 | D:6      | HP: 2/43 [gnoll/+0 halberd[a gnoll bouda] (3)]
  8229 | D:6      | Got the Secrets of the Discontinuous Arsonist
  8644 | D:6      | Reached skill level 5 in Conjurations
  9412 | D:7      | Reached skill level 7 in Spellcasting
  9640 | D:7      | Found Kujept's Gadget Gallery.
  9664 | D:7      | Slain by an orc warrior

Illustrated notes

Levels and vault maps discovered:
D:1:      minmay_arrival_diagonal_passages, layout_loops_ring,
          dreamdust_ecumenical_altar_grove, chequers_serial_rivers_micro_d,
          minmay_misc_feat_roman
D:2:      minmay_chambers_of_twos, layout_loops_cross,
          chequers_serial_rivers_large_a
D:3:      layout_basic, xom_confusion_cloud, uniq_terence, uniq_robin
D:4:      layout_loops_ring
D:5:      layout_basic
D:6:      layout_cave_pods
D:7:      layout_basic, minmay_temple_entry_wispy, nicolae_shop_gadgets

Skill      XL: |  1  2  3  4  5  6  7  8 |
---------------+-------------------------+-----
Stealth        | 3 4 6 |  6.8
Dodging        | 3 4 5 6 |  6.4
Conjurations   | 2 3 4 5 |  5.2
Spellcasting   | 4 5 6 7 |  7.0
Air Magic      | 4 5 |  5.7
Fighting       | 1 2 |  2.4

Action                   |  1- 3 |  4- 6 |  7- 9 || total
-------------------------+-------+-------+-------++-------
Melee: Dagger            |    16 |    23 |    21 ||    60
       Punch             |       |     1 |     1 ||     2
       Falchion          |       |       |    10 ||    10
 Cast: Shock             |    95 |   141 |   114 ||   350
       Airstrike         |       |       |    13 ||    13
       Swiftness         |       |       |     1 ||     1
  Use: Scroll            |       |    11 |     1 ||    12
       Potion            |       |     2 |     3 ||     5
Armor: Robe              |     5 |     1 |     8 ||    14
       Skin              |       |     1 |       ||     1
Dodge: Dodged            |    23 |    19 |    62 ||   104
